 Dungeon Crawl Stone Soup version 0.18.1-47-g9310371 (console) character file.

406 Kloppie the Poker (level 6, -23/53 HPs)
             Began as a Draconian Berserker on June 15, 2016.
             Was a Priest of Trog.
             Annihilated by an ogre
             ... wielding a +0 giant club
              (32 damage)
             ... on level 4 of the Dungeon.
             The game lasted 00:05:47 (2774 turns).

Kloppie the Poker (Draconian Berserker)             Turns: 2774, Time: 00:05:48

Health: -23/53     AC:  6    Str: 20    XL:     6   Next: 56%
Magic:  6/6        EV: 13    Int:  7    God:    Trog [***...]
Gold:   184        SH:  0    Dex: 12    Spells: 0 memorised, 5 levels left

rFire  . . .     SeeInvis .     a - +0 spear
rCold  . . .     Gourm    .     (armour unavailable)
rNeg   . . .     Faith    .     (no shield)
rPois  .         Spirit   .     (helmet restricted)
rElec  .         Dismiss  .     (no cloak)
rCorr  .         Reflect  .     (no gloves)
SustAt .         Harm     .     (no boots)
MR     .....                    (no amulet)
Stlth  +.........               (no ring)
                                (no ring)

@: not resistant to hostile enchantments, very unstealthy
A: unfitting armour, cold-blooded, AC +6
a: Berserk, Trog's Hand, Burn Spellbooks, Renounce Religion


You were on level 4 of the Dungeon.
You worshipped Trog.
Trog was most pleased with you.
You were not hungry.

You visited 1 branch of the dungeon, and saw 4 of its levels.

You collected 184 gold pieces.

Inventory:

Hand Weapons
 a - a +0 spear (weapon)
 q - a +3 halberd
Missiles
 g - 22 arrows
Wands
 p - a wand of acid (9/15)
Scrolls
 d - 2 scrolls of teleportation {unknown}
 e - a scroll of noise {unknown}
 h - 4 scrolls of identify {unknown}
 k - a scroll of magic mapping {unknown}
Potions
 c - a potion of lignification {unknown}
 j - a potion of degeneration {unknown}
 m - 2 potions of cure mutation {unknown}
 n - a potion of mutation {unknown}
 o - a potion of might {unknown}
Books
 l - a book of Dreams

   Spells                             Type                      Level
   a - Ensorcelled Hibernation        Hexes/Ice                    2
   b - Silence                        Hexes/Air                    5
   c - Darkness                       Hexes                        6
   d - Shadow Creatures               Summoning                    6
   Trog disapproves of the use of such an item.
Comestibles
 b - 3 bread rations
 f - a chunk of flesh
 i - 3 fruits
 r - a slice of pizza


   Skills:
 + Level 4.6 Fighting
 * Level 5.8 Polearms
 + Level 4.1 Dodging


You had 5 spell levels left.
You didn't know any spells.

Dungeon Overview and Level Annotations

Branches:
Dungeon (4/15)
 Temple: D:4-7

Altars:
Sif Muna
Vehumet
The Shining One


Innate Abilities, Weirdness & Mutations

Your plain brown scales are hard (AC +6).
Your body does not fit into most forms of armour.
You are cold-blooded and may be slowed by cold attacks.


Message History

You hit the ogre.
The ogre is heavily wounded.
The ogre hits you but does no damage.
You barely miss the ogre.
The ogre is heavily wounded.
You hit the ogre.
The ogre is severely wounded.
The ogre hits you with a giant club!!
Ouch! That really hurt!
* * * LOW HITPOINT WARNING * * *
You hit the ogre but do no damage.
The ogre is severely wounded.
The ogre barely misses you.
You hit the ogre but do no damage.
The ogre is severely wounded.
You hit the ogre but do no damage. You tail-slap the ogre.
The ogre is severely wounded.
The ogre hits you with a giant club!!
Ouch! That really hurt!
You die...

#####...........
#...#....### . ..
##.#.##..## .. ...
#.)..##..## .#.....
###..####...#### #.#.....
#....##........###.....#.##
..#.>...##.#.#.........#....
.##..##.##..<....O.........(
.##.##..##......@...........
....#..####..###............
......## #...).)...........
..##### #.####........o...
### ### #............ #
##........... ##.....#....
####### ###


You could see an ogre.

Vanquished Creatures
  Blork the orc (D:4)
  A giant frog (D:3)
  An orc priest (D:4)
  2 orc wizards (D:3)
  A worker ant (D:4)
  A hound skeleton (D:3)
  6 adders
  An ooze (D:3)
  A worm (D:4)
  3 dart slugs
  2 giant geckos
  11 orcs
  8 bats
  6 goblins
  13 hobgoblins
  5 jackals
  A quokka (D:2)
  3 giant newts
  10 kobolds
  5 rats
82 creatures vanquished.

Notes
Turn   | Place    | Note
--------------------------------------------------------------
     0 | D:1      | Kloppie the Draconian Berserker began the quest for the Orb.
     0 | D:1      | Reached XP level 1. HP: 19/19 MP: 1/1
   161 | D:1      | Reached XP level 2. HP: 26/26 MP: 2/2
   552 | D:1      | Reached ** piety under Trog
   701 | D:2      | Reached XP level 3. HP: 18/31 MP: 3/3
   971 | D:2      | Reached skill level 4 in Polearms
  1161 | D:2      | Reached XP level 4. HP: 22/39 MP: 4/4
  1290 | D:2      | Found a glowing golden altar of the Shining One.
  1786 | D:3      | Noticed a giant frog
  1792 | D:3      | Killed a giant frog
  1792 | D:3      | Reached XP level 5. HP: 46/46 MP: 5/5
  1828 | D:3      | Reached *** piety under Trog
  1837 | D:3      | Found a radiant altar of Vehumet.
  2008 | D:3      | Reached skill level 5 in Polearms
  2551 | D:3      | Reached XP level 6. HP: 53/53 MP: 6/6
  2558 | D:3      | Found a deep blue altar of Sif Muna.
  2611 | D:4      | Noticed Blork the orc
  2626 | D:4      | Killed Blork the orc
  2774 | D:4      | Annihilated by an ogre

Skill      XL: |  1  2  3  4  5  6 |
---------------+-------------------+-----
Dodging        | 3 4 |  4.1
Polearms       | 4 5 |  5.8
Fighting       | 4 |  4.6

Action                   |  1- 3 |  4- 6 || total
-------------------------+-------+-------++-------
Melee: Spear             |   156 |   185 ||   341
       Tailslap          |    14 |    14 ||    28
Invok: Berserk           |       |     4 ||     4
 Stab: Sleeping          |       |     5 ||     5
  Eat: Chunk             |     1 |     4 ||     5
       Meat ration       |       |     1 ||     1
Armor: Skin              |    30 |    36 ||    66
Dodge: Dodged            |    82 |    68 ||   150
